 Dungeon Crawl Stone Soup version 0.19-a0-607-g42021f0 (webtiles) character file.

875 st0uf the Chopper (level 8, -2/61 HPs)
             Began as a Formicid Fighter on June 12, 2016.
             Was a Follower of Uskayaw.
             Slain by Grinder (4 damage)
             ... on level 5 of the Dungeon.
             The game lasted 00:22:02 (4547 turns).

st0uf the Chopper (Formicid Fighter)                Turns: 4547, Time: 00:22:03

Health: -2/61      AC:  9    Str: 23    XL:     8   Next: 24%
Magic:  8/8        EV: 10    Int:  8    God:    Uskayaw [*.....]
Gold:   221        SH: 10    Dex: 12    Spells: 0 memorised, 7 levels left

rFire  . . .     SeeInvis +     a - +0 war axe
rCold  . . .     Gourm    .     b - +0 scale mail
rNeg   . . .     Faith    .     c - +0 shield
rPois  .         Spirit   .     (helmet unavailable)
rElec  .         Dismiss  .     y - +0 cloak
rCorr  .         Reflect  .     (no gloves)
SustAt .         Harm     .     j - +0 pair of boots
MR     .....                    (no amulet)
Stlth  ..........               (no ring)
                                p - +2 ring of strength

@: not resistant to hostile enchantments, extremely unstealthy
A: permanent stasis, dig shafts and tunnels, four strong arms, antennae 3
a: Dig, Shaft Self, Stomp, Renounce Religion


You were on level 5 of the Dungeon.
You worshipped Uskayaw.
Uskayaw was aware of your devotion.
You were not hungry.

You visited 1 branch of the dungeon, and saw 5 of its levels.
You also visited: Ossuary.

You collected 221 gold pieces.

Inventory:

Hand Weapons
 a - a +0 war axe (weapon)
 r - a +0 hunting sling
 E - the +2 whip "Zeuterch" {drain, *Corrode MR+ Dex+4, unknown}
   (You found it on level 4 of the Dungeon)

   A truly terrible weapon, it drains the life of those it strikes.
   It affects your dexterity (+4).
   It affects your resistance to hostile enchantments.
   It may corrode you when you take damage.
Missiles
 o - 191 stones (quivered)
 H - a throwing net
Armour
 b - a +0 scale mail (worn)
 c - a +0 shield (worn)
 j - a +0 pair of boots (worn)
 y - a +0 cloak (worn)
Jewellery
 p - a +2 ring of strength (left hand)
Scrolls
 e - 4 scrolls of teleportation {unknown}
 g - 4 scrolls of blinking {unknown}
 i - 2 scrolls of enchant armour {unknown}
 l - 4 scrolls of fog {unknown}
 m - 3 scrolls of recharging {unknown}
 n - 5 scrolls of remove curse {unknown}
 t - 2 scrolls of fear {unknown}
 w - 3 scrolls of amnesia {unknown}
 z - 2 scrolls of noise {unknown}
 A - 4 scrolls of identify {unknown}
 D - a scroll of random uselessness {unknown}
 G - a scroll of brand weapon {unknown}
Potions
 d - a potion of might
 h - 2 potions of heal wounds {unknown}
 k - a potion of beneficial mutation {unknown}
 u - a potion of cure mutation {unknown}
 v - 2 potions of curing {unknown}
 x - 2 potions of brilliance {unknown}
 B - a potion of flight {unknown}
 C - a potion of invisibility {unknown}
 F - a potion of cancellation {unknown}
 J - a potion of lignification {unknown}
Comestibles
 f - 5 bread rations
 q - 5 meat rations
 s - 2 beef jerkies
 I - 2 royal jellies
 K - 3 chunks of flesh


   Skills:
 + Level 4.8 Fighting
 * Level 5.6 Axes
 + Level 0.7 Slings
 + Level 4.9 Armour
 + Level 3.0 Dodging
 + Level 5.6 Shields


You had 7 spell levels left.
You didn't know any spells.

Dungeon Overview and Level Annotations

Branches:
Dungeon (5/15)
 Temple: D:4-7

Altars:
Gozag
Kikubaaqudgha
Uskayaw

Annotations:
D:5 Grinder


Innate Abilities, Weirdness & Mutations

You are under a permanent stasis effect.
You can dig through walls and to a lower floor.
Your four strong arms can wield two-handed weapons with a shield.
You have a pair of large antennae on your head. (SInv)


Message History

Grinder is moderately wounded.
Grinder closely misses you.
You closely miss Grinder.
Grinder is moderately wounded.
Grinder hits you. Grinder gestures at you. Pain shoots through your body!
* * * LOW HITPOINT WARNING * * *
You hit Grinder but do no damage.
Grinder is moderately wounded.
Grinder hits you.
* * * LOW HITPOINT WARNING * * *
You writhe in agony.
* * * LOW HITPOINT WARNING * * *
You closely miss Grinder.
Grinder is moderately wounded.
Grinder hits you.
* * * LOW HITPOINT WARNING * * *
You writhe in agony.
You die...

.......# .......#
#.........##
.......#
#..........#
.......#
#..........# #..
.......#
#..........##..#
......##
..........#..#
......#
#..........#
.....## #.5......#
...### #.@....#
#|.## ####
###....#
##..#####..##
##..##
##..##.....##
##..##
##.........###..##
##..<.......#..##
##..............#
#..........#...##
##........###.###


You could see Grinder.

Vanquished Creatures
  A black bear (D:4)
  An ogre (D:4)
  A crimson imp (D:5)
  A hound (D:4)
  An orc priest (D:3)
  2 orc wizards (D:3)
  A worker ant (D:4)
  An iguana (D:5)
  Natasha (thrice) (D:4)
  6 big kobold zombies (Ossuary)
  A mummy (Ossuary)
  Robin (D:3)
  6 gnolls
  5 adders
  An adder skeleton (D:5)
  3 worms
  2 dart slugs
  2 giant geckos
  12 orcs (D:3)
  3 spectral bats (Ossuary)
  9 bats
  3 giant cockroaches
  6 gnoll zombies (Ossuary)
  27 goblins
  10 hobgoblins
  19 jackals
  A quokka (D:5)
  6 bat simulacra (Ossuary)
  9 giant newts
  4 goblin simulacra (Ossuary)
  5 goblin zombies (Ossuary)
  3 hobgoblin zombies (Ossuary)
  A jackal skeleton (D:5)
  5 kobolds (D:1)
  2 kobold simulacra (Ossuary)
  4 kobold zombies (Ossuary)
  6 orc zombies (Ossuary)
  7 rats
  3 rat simulacra (Ossuary)
  3 spectral kobolds (Ossuary)
  2 spectral rats (Ossuary)
189 creatures vanquished.

Vanquished Creatures (others)
  A human (D:2)
1 creature vanquished.

Grand Total: 190 creatures vanquished

Notes
Turn   | Place    | Note
--------------------------------------------------------------
     0 | D:1      | st0uf the Formicid Fighter began the quest for the Orb.
     0 | D:1      | Reached XP level 1. HP: 18/18 MP: 1/1
   105 | D:1      | Reached XP level 2. HP: 19/24 MP: 2/2
   310 | D:1      | Reached XP level 3. HP: 29/29 MP: 3/3
  1071 | D:2      | Reached skill level 1 in Dodging
  1071 | D:2      | Reached XP level 4. HP: 24/35 MP: 4/4
  1400 | D:2      | Reached XP level 5. HP: 40/42 MP: 5/5
  1651 | D:2      | Found an ancient bone altar of Kikubaaqudgha.
  1653 | D:2      | Noticed a human
  1655 | D:2      | Killed a human
  1863 | D:3      | Noticed Robin
  2016 | D:3      | Killed Robin
  2048 | D:3      | Reached XP level 6. HP: 30/48 MP: 6/6
  2951 | D:4      | Noticed Natasha
  2954 | D:4      | Killed Natasha
  3013 | D:4      | Noticed a dagger
  3013 | D:4      | Noticed an enchanted dagger
  3014 | D:4      | Found a hide-covered altar of Uskayaw.
  3021 | D:4      | Became a worshipper of Uskayaw the Reveler
  3028 | D:4      | Reached * piety under Uskayaw
  3062 | D:4      | Noticed Natasha
  3073 | D:4      | Reached ** piety under Uskayaw
  3074 | D:4      | Killed Natasha
  3074 | D:4      | Reached XP level 7. HP: 48/54 MP: 7/7
  3084 | D:4      | Got a faintly glowing whip
  3101 | D:4      | Found a sand-covered staircase.
  3109 | Ossuary  | Entered an ossuary
  3137 | Ossuary  | Reached *** piety under Uskayaw
  3201 | Ossuary  | Reached **** piety under Uskayaw
  3247 | Ossuary  | Reached skill level 5 in Shields
  3580 | D:4      | Reached skill level 5 in Axes
  3888 | D:4      | Noticed Natasha
  3899 | D:4      | Killed Natasha
  4202 | D:4      | Reached XP level 8. HP: 45/61 MP: 8/8
  4315 | D:5      | Entered Level 5 of the Dungeon
  4331 | D:5      | Found an opulent altar of Gozag.
  4535 | D:5      | Noticed Grinder
  4547 | D:5      | HP: 2/61 [Grinder (2)]
  4547 | D:5      | Slain by Grinder

Vault maps used:
D:1:      eino_arrival_cavern_b
D:2:      tgw_kikubaaqudgha
D:3:      uniq_robin
D:4:      black_bear_nest_1, dancing_weapons_uskayaw,
          nicolae_ossuary_entry_plus, first_bread, minmay_ogre_servants,
          uniq_natasha
D:5:      lemuel_crystal_altar, grunt_gozag_statues, uniq_grinder
Ossuary:  ossuary_zaba_two_paths

Skill      XL: |  1  2  3  4  5  6  7  8 |
---------------+-------------------------+-----
Shields        | 4 5 |  5.6
Dodging        | 1 2 3 |  3.0
Axes           | 3 4 5 |  5.6
Armour         | 4 |  4.9
Fighting       | 4 |  4.8
Slings         | |  0.7

Action                   |  1- 3 |  4- 6 |  7- 9 || total
-------------------------+-------+-------+-------++-------
Melee: War axe           |   135 |   266 |   203 ||   604
 Fire: Hunting sling     |       |    20 |       ||    20
Invok: Stomp             |       |       |     2 ||     2
       Line Pass         |       |       |     1 ||     1
 Abil: Dig               |       |       |     3 ||     3
 Stab: Paralysed         |       |       |    11 ||    11
  Eat: Chunk             |     1 |     7 |     6 ||    14
Armor: Scale mail        |    80 |   121 |    84 ||   285
Dodge: Dodged            |    50 |   103 |    80 ||   233
Block: Shield            |    82 |   172 |    99 ||   353
